 Dungeon Crawl Stone Soup version 0.31-a0-876-gfe8ebadbca (webtiles) character file.

Game seed: 4788266069485071176

339 Ahpoh the Slasher (level 6, -2/69 HPs)
             Began as a Demonspawn Gladiator on Oct 13, 2023.
             Slain by a water moccasin (6 damage)
             ... in a sewer.
             The game lasted 00:09:26 (3180 turns).

Ahpoh the Slasher (Demonspawn Gladiator)            Turns: 3180, Time: 00:09:29

Health: -2/69      AC: 23    Str: 14    XL:     6   Next: 29%
Magic:  6/6        EV:  2    Int: 10    God:
Gold:   174        SH:  0    Dex: 16    Spells: 5/5 levels left

rFire   . . .        a - +0 long sword
rCold   . . .        (no shield)
rNeg    . . .        A - melded +0 ring mail
rPois   +            c - melded +0 helmet
rElec   .            (cloak currently unavailable)
rCorr   .            (gloves currently unavailable)
SInv    .            (boots currently unavailable)
Will    +....        (no amulet)
Stlth   ++           (no ring)
HPRegen 0.31/turn    (no ring)
MPRegen 0.10/turn

%: no passive effects
@: lethally poisoned (-2 -> -5), tree-form, enlightened
A: stationary, stasis, torment immunity, boosted hp, (sturdy frame 1), (weakness
stinger 2)
a: no special abilities


You were in a sewer.
You were a tree.
You visited 1 branch of the dungeon, and saw 4 of its levels.
You also visited: Sewer.

You collected 174 gold pieces.

Inventory:

Hand Weapons
 a - a +0 long sword (weapon)
 B - a +1 hand axe of freezing
 D - a +0 trident
Missiles
 e - a javelin
 r - 3 curare-tipped darts
Armour
 c - a +0 helmet (melded)
 A - a +0 ring mail (melded)
 C - a +0 helmet
Jewellery
 h - a ring of positive energy
 j - a ring of protection from cold
 o - a ring of see invisible
 u - a ring of protection from fire
Talismans
 f - a beast talisman
 s - a flux talisman
Wands
 z - a wand of charming (7)
Scrolls
 t - 4 scrolls of identify
 x - 2 scrolls of immolation {unknown}
 y - 2 scrolls of revelation {unknown}
Potions
 k - 2 potions of heal wounds {unknown}
 l - a potion of brilliance {unknown}
 m - a potion of might {unknown}
 n - a potion of mutation {unknown}
 p - a potion of ambrosia {unknown}
 q - a potion of attraction {unknown}
 v - a potion of curing {unknown}
 w - 2 potions of haste {unknown}


   Skills:
 + Level 2.8 Fighting
 + Level 4.5 Long Blades
 + Level 2.0 Throwing
 + Level 2.6 Armour
 + Level 3.7 Dodging
 + Level 0.7 Stealth


You had 5 spell levels left.
You didn't know any spells.
Your spell library contained the following spells:

 Spells                   Type           Power      Damage    Failure   Level
 Ozocubu's Armour         Ice            0%         N/A       75%         3
 Metabolic Englaciation   Hex/Ice        0%         N/A       100%        5
 Simulacrum               Ice/Necr       0%         N/A       100%        6


Dungeon Overview and Level Annotations

Branches:
Dungeon (4/15)              Sewer (1/1)
 Temple: D:4-7

Altars:
Cheibriados

Shops:
D:2 (


Innate Abilities, Weirdness & Mutations

You are a tree.
Your roots penetrate the ground, keeping you stationary.
You cannot be teleported.
You are immune to unholy pain and torment.
Your maximum health is greatly increased.
Your equipment is partially melded.
((Your movements are slightly less encumbered by armour. (ER -2)))
((You have a tail ending in a sharp stinger.))


Message History

You barely miss the water moccasin. You tail-slap the water moccasin.
The water moccasin is lightly wounded.
You feel sick. The water moccasin barely misses you.
The water moccasin misses you.
You closely miss the water moccasin. You punch the water moccasin.
The water moccasin is moderately wounded.
You feel sick.
The water moccasin bites you but does no damage.
You closely miss the water moccasin.
The water moccasin is moderately wounded.
You feel sick. The water moccasin barely misses you.
The water moccasin bites you.
You are more poisoned.
The water moccasin poisons you!
You slash the water moccasin!
The water moccasin is heavily wounded.
You feel very sick. The water moccasin bites you.
The water moccasin closely misses you.
You closely miss the water moccasin.
Your tail-slap misses the water moccasin.
The water moccasin is heavily wounded.
You feel very sick. The water moccasin bites you.
* * * LOW HITPOINT WARNING * * *
You barely miss the water moccasin.
The water moccasin is heavily wounded.
You feel sick. The water moccasin bites you.
* * * LOW HITPOINT WARNING * * *
The water moccasin bites you but does no damage.
It was a potion of magic.
Magic courses through your body.
* * * LOW HITPOINT WARNING * * *
You feel sick. The water moccasin closely misses you.
It was a potion of lignification.
You turn into a tree.
Your +0 helmet melds into your body.
Your +0 ring mail melds into your body.
Your roots penetrate the ground.
* * * LOW HITPOINT WARNING * * *
You feel sick.
The water moccasin bites you but does no damage.
The water moccasin bites you.
You die...

##...## ##.## #.#
#.# #.# #.# . #.#
...
########.####.....
#∩....♣S...!.(....
#############.....
... .


You could see a water moccasin.

Vanquished Creatures
  Sigmund (D:3)
  A jelly (D:4)
  4 adders
  3 worms
  13 dart slugs
  An orc (D:4)
  5 ball pythons
  9 bats
  12 endoplasms
  A giant cockroach (D:4)
  8 goblins
  3 hobgoblins
  A frilled lizard (D:3)
  10 kobolds
  4 rats
76 creatures vanquished.

Notes
Turn   | Place    | Note
-------+----------+-------------------------------------------
     0 | D:1      | Ahpoh the Demonspawn Gladiator began the quest for the Orb.
     0 | D:1      | Reached XP level 1. HP: 16/16 MP: 1/1
     6 | D:1      | Noticed a swamp worm
     6 | D:1      | Noticed an iguana
     6 | D:1      | Noticed an anaconda
     7 | D:1      | Noticed a wyvern
   172 | D:1      | Gained mutation: You have a small tail. [demonic ancestry]
   172 | D:1      | Reached XP level 2. HP: 21/22 MP: 2/2
   350 | D:1      | Reached skill level 3 in Long Blades
   553 | D:1      | Reached XP level 3. HP: 23/27 MP: 3/3
   997 | D:2      | Found a faded altar of an unknown god.
  1186 | D:2      | Found Qyqeyn's Weapon Emporium.
  2101 | D:3      | Gained mutation: You have a tail ending in a sharp stinger.
                  | [demonic ancestry]
  2101 | D:3      | Reached XP level 4. HP: 33/33 MP: 4/4
  2379 | D:3      | Reached skill level 1 in Armour
  2640 | D:3      | Found a faded altar of an unknown god.
  2644 | D:3      | Found a snail-covered altar of Cheibriados.
  2727 | D:3      | Noticed Sigmund
  2744 | D:3      | Killed Sigmund
  2745 | D:3      | Reached skill level 4 in Long Blades
  2745 | D:3      | Gained mutation: Your movements are slightly less
                  | encumbered by armour. (ER -2) [demonic ancestry]
  2745 | D:3      | Reached XP level 5. HP: 22/39 MP: 5/5
  2745 | D:3      | Reached XP level 6. HP: 26/46 MP: 6/6
  3083 | D:4      | Found a glowing drain.
  3123 | Sewer    | Entered a sewer
  3163 | Sewer    | Noticed a water moccasin
  3180 | Sewer    | Slain by a water moccasin

Illustrated notes

Levels and vault maps discovered:
D:1:      onia_arrival_zoo_common, layout_loops_ring
D:2:      layout_loops_ring, serial_shops, nicolae_shop_tiny_glass,
          basic_ecumenical_altar, nrook_mini_vaults
D:3:      kennysheep_slugbush, layout_basic, nicolae_overflow_ecumenical_swirl,
          uniq_sigmund
D:4:      layout_rooms, portal_sewer_entry_a, serial_bayou_pond_d, uniq_grinder,
          uniq_blork_the_orc
Sewer:    sewer_big_baddie

Skill      XL: |  1  2  3  4  5  6 |
---------------+-------------------+-----
Dodging        | 3 |  3.7
Long Blades    | 3 4 |  4.5
Armour         | 2 |  2.6
Throwing       | 2 |  2.0
Fighting       | |  2.8
Stealth        | |  0.7

Action                     |  1- 3 |  4- 6 || total
---------------------------+-------+-------++-------
  Melee: Long sword        |   101 |   117 ||   218
         Tailslap          |     8 |    12 ||    20
         Punch             |     1 |     1 ||     2
  Throw: Throwing net      |     1 |     4 ||     5
    Use: Scroll            |     3 |       ||     3
         Potion            |       |     3 ||     3
 Armour: Leather armour    |    66 |    33 ||    99
         Ring mail         |       |    60 ||    60
         Skin              |       |     2 ||     2
  Dodge: Dodged            |    87 |   100 ||   187

Table legend: (Time is in decaauts)
 A = Elapsed time spent in this place.
 B = Non-inter-level travel time spent in this place.
 C = Inter-level travel time spent in this place.
 D = Time resting spent in this place.
 E = Time spent auto-exploring this place.
 F = Levels seen in this place.
 G = Mean time per level.
                   A        B        C        D        E       F      G
               +--------+--------+--------+--------+--------+-----+--------+
         Total |   3249 |   3102 |    147 |      0 |   2110 |   5 |  649.8 |
       Dungeon |   3190 |   3043 |    147 |      0 |   2110 |   4 |  797.5 |
         Sewer |     58 |     58 |      0 |      0 |      0 |   1 |   58.0 |
               +--------+--------+--------+--------+--------+-----+--------+

Top non-repeatable levels by time:
     D:3: 1176 daAuts
     D:1: 1012 daAuts
     D:2: 917 daAuts
     D:4: 84 daAuts
   Sewer: 58 daAuts
